Unix NetHack Version 3.7.0-102 Work-in-progress - last build Apr 6 2024 13:22:21 (d302a6a9ff6341f1a922d8f5af178406b35fdf99,branch:master). Game began 2024-04-06 19:24:24, ended 2024-04-07 18:45:22. spontiff, neutral male gnomish Healer ------------------------------------------- --- ----- |..|.|....................................0|..-- -- --...---......-----------#------------#----------.|...-- ...| ---.............| ... ... 0.#.f........- |...............| ----- -.--- -.|.o.......-- |...........---.| |. | |@........- ---.........| .| | |..|..........| ---.......---.| |.---........-- --.--.......| |. .....>.| -------.--.| |. ...|.--- ----.||.| |.- .---- |....||.| |.- -- |.----|.| | |. -------.|---|.|.| .- --.+<....|..--.#.| |.| --..............|.| |.| --......---.----.| - |. |.....--- --- |.| |. |..---- |(------- -. ---- |*.....*0 . --- -- Spontiff the Rhizotomist St:12 Dx:10 Co:16 In:9 Wi:15 Ch:18 Neutral S:300 Dlvl:6 $:0 HP:0(27) Pw:1(6) AC:10 Xp:1/0 T:5203 Latest messages: You drop an uncursed stethoscope. You drop a gem called a1. You drop a gem called o1. You drop a gem called r1. You drop 2 gems called w1. You drop 4 gems called w1. You drop a gem called w2. You drop 2 gems called yb1. You drop a stone called flint?. What do you want to drop? [pqP or ?*] q You drop a +0 hooded cloak. The large cat steps reluctantly over a +0 hooded cloak. You see here 6 rocks. Zaoth-u of Aunaiun picks up an uncursed wand of sleep (0:1). With great effort you move the boulder. You hear a monster behind the boulder. Perhaps that's why you cannot move it. You hear a monster behind the boulder. Perhaps that's why you cannot move it. With great effort you move the boulder. You hear a monster behind the boulder. Perhaps that's why you cannot move it. With great effort you move the boulder. You hear a monster behind the boulder. Perhaps that's why you cannot move it. You hear a chugging sound. With great effort you move the boulder. Akhugris of Aunaiun swings his curved sword. Akhugris of Aunaiun hits! The hill orc wields a curved sword! Akhugris of Aunaiun swings his curved sword. Akhugris of Aunaiun hits! The large cat bites Akhugris of Aunaiun. Akhugris of Aunaiun swings his curved sword at the large cat. Akhugris of Aunaiun misses the large cat. Akhugris of Aunaiun swings his curved sword. Akhugris of Aunaiun hits! The large cat bites Akhugris of Aunaiun. In what direction? . You feel better. The large cat bites Akhugris of Aunaiun. Akhugris of Aunaiun is killed! The hill orc swings her curved sword. The hill orc hits! The large cat eats a hill orc corpse named Akhugris of Aunaiun. The hill orc swings her curved sword. The hill orc hits! You die... Do you want your possessions identified? [ynq] (y) y Do you want to see the dungeon overview? [ynq] (y) y Inventory: Comestibles p - 2 uncursed tripe rations P - 2 cursed tripe rations Spontiff the Healer's attributes: Background: You were a Rhizotomist, a level 1 male gnomish Healer. You were neutral, on a mission for Hermes who was opposed by Athena (lawful) and Poseidon (chaotic). You were right-handed. You were in the Gnomish Mines, on level 6. You entered the dungeon 5203 turns ago. There was a new moon in effect when your adventure ended. You had 0 experience points, 20 were needed to attain level 2. Your score was 300 before end-of-game adjustments. Basics: You had 0 out of 27 hit points. You had 1 out of 6 energy points (spell power). Your armor class was 10. Your wallet was empty. Autopickup was on for '$!/="?' plus thrown, with exceptions. Final Characteristics: Your strength was 12 (limit:18/50). Your dexterity was 10 (limit:18). Your constitution was 16 (limit:18). Your intelligence was 9 (limit:19). Your wisdom was 15 (limit:18). Your charisma was 18 (limit:18). Final Status: You weren't hungry. You were unencumbered. You were bare handed. You were unskilled in bare handed combat. You weren't wearing any armor. Final Attributes: You were piously aligned. You were poison resistant. You had infravision. You are dead. Miscellaneous: You never encountered a bones level. Total elapsed playing time was 46 minutes and 57 seconds. Major events: Turn 1: spontiff the neutral male gnomish Healer entered the dungeon 1753: entered the Gnomish Mines 2802: entered Sokoban 3364: completed 1st Sokoban level 4804: reached Mine Town 5203: killed by a hill orc Vanquished creatures: a rock piercer a gnome leader a straw golem a little dog 2 kittens 2 dwarves a homunculus a kobold leader a hill orc 2 giant bats a gas spore 2 hobbits 7 manes 2 large kobolds 2 giant rats 3 yellow molds 2 red molds a gnome a garter snake 2 gnome zombies 6 geckos 11 jackals 2 foxes 2 goblins 3 sewer rats 5 grid bugs 2 bats 5 lichens 2 kobold zombies 13 newts 87 creatures vanquished. No species were genocided or became extinct. Voluntary challenges: You never hit with a wielded weapon. You were a pacifist. You were illiterate. You never engraved Elbereth. You never genocided any monsters. You never polymorphed an object. You never changed form. You used no wishes. You did not violate any of the special Sokoban rules. Achievements: You entered the Gnomish Mines. You entered Sokoban. You entered Minetown. The Dungeons of Doom: levels 1 to 7 Level 1: "magic trap" Level 2: "mumak statue trap in statue room" Level 3: Stairs down to The Gnomish Mines. Level 4: Level 5: "Stashlet" Many fountains. Oracle of Delphi. Level 6: Stairs up to Sokoban, level 5. Level 7: The Gnomish Mines: levels 4 to 6 Level 4: Level 5: Level 6: <- You were here. Final resting place for you, killed by a hill orc. Sokoban: levels 5 up to 4 Level 4: "BAH!" Unsolved. Level 5: Solved. Game over: ---------- / \ / REST \ / IN \ / PEACE \ / \ | spontiff | | 0 Au | | killed by a hill | | orc | | | | | | 2024 | *| * * * | * _________)/\\_//(\/(/\)/\//\/|_)_______ Goodbye spontiff the Healer... You died in The Gnomish Mines on dungeon level 6 with 300 points, and 0 pieces of gold, after 5203 moves. You were level 1 with a maximum of 27 hit points when you died.